 Dungeon Sprint DCSS version 0.17-a0-2109-g117576f (webtiles) character file.

1366 HenryFlower the Brawler (level 11, 0/113 HPs)
             Began as a Troll Monk on Oct 20, 2015.
             Was a High Priest of Okawaru.
             Succumbed to a dire wolf spider's poison
             ... in the Dungeon (Sprint VI: "Thunderdome").
             The game lasted 00:11:13 (1776 turns).

HenryFlower the Brawler (Troll Monk)                Turns: 1776, Time: 00:11:13

Health: 0/113      AC:  7    Str: 25    XL:     11   Next: 77%
Magic:  17/17      EV: 20    Int:  1    God:    Okawaru [*****.]
Gold:   1050       SH:  0    Dex: 33    Spells: 0 memorised, 10 levels left

rFire  + + .     SeeInvis +       - Unarmed
rCold  + . .     Clarity  .     c - +2 robe of Pride {rF+ Str+2 Int-5 Dex+4}
rNeg   + + .     SustAt   .     (no shield)
rPois  +         Gourm    +     d - +0 hat "Liciahel" {Str+2 SInv} (curse)
rElec  +         Spirit   .     (no cloak)
rCorr  +         Warding  .     (gloves unavailable)
rMut   .         NoTele   +     (boots unavailable)
MR     .....                    p - amulet of Temptation {rCorr rN+ MP+9}
Stlth  +++.......               o - ring of Urchoxte {+Inv Dex+5}
                                n - ring "Xanaly" {*Drain rElec rN+ MP-9 Dex+9}

@: lethally poisoned (0 -> -9), resistant, studying Short Blades, not resistant
to hostile enchantments, fairly stealthy
A: unfitting armour, claws 3, fast metabolism 3, gourmand, regeneration 2,
shaggy fur 1, tough skin 2
a: Heroism, Finesse, Renounce Religion, Evoke Invisibility
}: 1/15 runes: serpentine


You were in the Dungeon.
You worshipped Okawaru.
Okawaru was extremely pleased with you.
You were full.

You visited 1 branch You collected 1650 gold pieces.
You spent 600 gold pieces at shops.

Inventory:

Armour
 a - a +0 robe
 c - the +2 robe of Pride (worn) {rF+ Str+2 Int-5 Dex+4}
   (Okawaru gifted it to you in the Dungeon)

   It affects your strength (+2).
   It affects your intelligence (-5).
   It affects your dexterity (+4).
   It protects you from fire.
 d - the cursed +0 hat "Liciahel" (worn) {Str+2 SInv}
   (You bought it in a shop in the Dungeon)

   It affects your strength (+2).
   It lets you see invisible.
   It has a curse placed upon it.
 q - a steam dragon hide
Jewellery
 n - the ring "Xanaly" (left claw) {*Drain rElec rN+ MP-9 Dex+9}
   (You bought it in a shop in the Dungeon)

   [ring of positive energy]

   It affects your dexterity (+9).
   It insulates you from electricity.
   It protects you from negative energy.
   It affects your magic capacity (-9).
   It causes draining when unequipped.
 o - the ring of Urchoxte (right claw) {+Inv Dex+5}
   (You bought it in a shop in the Dungeon)

   [ring of invisibility]

   It affects your dexterity (+5).
   It lets you turn invisible.
 p - the amulet of Temptation (around neck) {rCorr rN+ MP+9}
   (You bought it in a shop in the Dungeon)

   [amulet of resist corrosion]

   It protects you from acid and corrosion.
   It protects you from negative energy.
   It affects your magic capacity (+9).
Wands
 j - a wand of cold (1)
 k - a wand of fire (3)
Scrolls
 h - 4 scrolls of blinking
 l - 3 scrolls of fog
Potions
 e - 2 potions of haste
 f - 2 potions of magic
Books
 m - a manual of Short Blades
Comestibles
 b - 2 bread rations


   Skills:
 + Level 8.8 Fighting
 + Level 8.7 Dodging
 - Level 1.6 Stealth
 * Level 20.6 Unarmed Combat
 - Level 10.2 Invocations


You had 10 spell levels left.
You didn't know any spells.

Dungeon Overview and Level Annotations

Branches:
Dungeon (1/1)

Altars:
Cheibriados
Dithmenos
Fedhas
Gozag
Kikubaaqudgha
Makhleb
Okawaru
Qazlal
Ru
Sif Muna
Trog
Vehumet
Xom
Yredelemnul
Zin
The Shining One
Jiyva
Lugonu

Shops:
D *[%??*?*:[((!!!!


Innate Abilities, Weirdness & Mutations

You are too large for most types of armour.
You have claws for hands.
Your metabolism is lightning-fast.
You like to eat raw meat.
You heal very quickly.
You are covered in fur (AC +1).
You have very tough skin (AC +2).


Message History

The dire wolf spider is severely wounded.
You feel sick. The dire wolf spider hits you!
* * * LOW HITPOINT WARNING * * *
The dire wolf spider misses you.
Unknown command.
Drink which item? (? for menu, Esc to quit)
You feel protected.
* * * LOW HITPOINT WARNING * * *
You feel very sick.
The dire wolf spider closely misses you.
The dire wolf spider bites you.
* * * LOW HITPOINT WARNING * * *
The dire wolf spider hits you.
* * * LOW HITPOINT WARNING * * *
The dire wolf spider closely misses you.
Unknown command.
Unknown command.
You mangle the dire wolf spider!!
The dire wolf spider is severely wounded.
You die...

#_......._# #........_#
###.........### #⌠...........⌠#
######.8.........8.######
##∩__...÷..(###......___∩##
###∩.)......8.# #.8........∩###
##))...).....ss###.............#
#).....[....###@..###..........⌠
#)..........# #.<.# #..........⌠
#⌠.......[..###...###..........⌠
##..........)..###.............#
###∩......).8.# #.8........∩###
##∩_._[.....###......___∩##
######.8..)......8.######
#⌠...........⌠# ###.........###


You could see a wolf spider and a dire wolf spider.

Vanquished Creatures
  A naga warrior (D)
  Erolcha (D)
  A shining eye (D)
  A mana viper (shapeshifter) (D)
  4 rust devils (D)
  3 sixfirhies (D)
  2 orange demons (D)
  A blue devil (D)
  A yaktaur (shapeshifter) (D)
  A wind drake (shapeshifter) (D)
  A jumping spider (shapeshifter) (D)
  A wind drake (D)
  2 two-headed ogres (D)
  A slime creature (D)
  A tarantella (D)
  A golden eye (shapeshifter) (D)
  2 ynoxinuls (D)
  3 steam dragons (D)
  An insubstantial wisp (D)
  3 sky beasts (D)
  An ogre (shapeshifter) (D)
  A crocodile (shapeshifter) (D)
  5 ogres (D)
  2 earth elementals (D)
  A gnoll sergeant (D)
  2 iron imps (D)
  4 jellies (D)
  A gnoll shaman (D)
  3 gnolls (D)
  2 giant eyeballs (D)
  5 oozes (D)
59 creatures vanquished.

Notes
Turn   | Place    | Note
--------------------------------------------------------------
     0 | D        | HenryFlower the Troll Monk began the quest for the Orb.
     0 | D        | Reached XP level 1. HP: 22/22 MP: 0/0
     5 | D        | Round 1.
     6 | D        | Found an iron altar of Okawaru.
     6 | D        | Found an opulent altar of Gozag.
     7 | D        | Found a burning altar of Makhleb.
     8 | D        | Found a stormy altar of Qazlal.
     8 | D        | Found a basalt altar of Yredelemnul.
     8 | D        | Found a glowing silver altar of Zin.
     8 | D        | Found Inocruis's Magic Scroll Shop.
     8 | D        | Found Sasoo's Staff Store.
     9 | D        | Found Qifroyja's Bee Food.
    10 | D        | Found Baliz Tusch's Jewellery.
    10 | D        | Found Yshugrusu's Advanced Armour.
    15 | D        | Became a worshipper of Warmaster Okawaru
    15 | D        | Reached * piety under Okawaru
    15 | D        | Reached ** piety under Okawaru
    24 | D        | Found Qas Foc's Magic Scroll Shop.
    24 | D        | Found Xiecua's Must-Have Magic.
    26 | D        | Found a snail-covered altar of Cheibriados.
    27 | D        | Found a glowing golden altar of the Shining One.
    30 | D        | Found a viscous altar of Jiyva.
    30 | D        | Found a shimmering altar of Xom.
    31 | D        | Found Huwui's Distillery.
    31 | D        | Found a corrupted altar of Lugonu.
    31 | D        | Found a bloodstained altar of Trog.
    31 | D        | Found Geirontu's Do-It-Yourself Clinic.
    32 | D        | Found Nuel's Distillery.
    32 | D        | Found Lamiwkyfao's Bottled Wisdom.
    45 | D        | Reached XP level 2. HP: 29/31 MP: 1/1
    47 | D        | Found an ancient bone altar of Kikubaaqudgha.
    48 | D        | Found a blossoming altar of Fedhas.
    49 | D        | Found Kuiqe's Weapon Rack.
    50 | D        | Found a sacrificial altar of Ru.
    50 | D        | Found a radiant altar of Vehumet.
    50 | D        | Found Pemem's Premium Goods.
    50 | D        | Found Tequ's Basic Armour.
    50 | D        | Found Essity's Miscellaneous Merchandise.
    56 | D        | Found a deep blue altar of Sif Muna.
    59 | D        | Found a shadowy altar of Dithmenos.
    62 | D        | Found Iveucin's Identification Station.
    77 | D        | Reached skill level 5 in Unarmed Combat
   126 | D        | Reached skill level 7 in Unarmed Combat
   126 | D        | Reached XP level 3. HP: 27/37 MP: 2/2
   134 | D        | Arena points: 14 (+14) [x2]
   194 | D        | Round 2.
   263 | D        | Reached skill level 8 in Unarmed Combat
   263 | D        | Reached XP level 4. HP: 40/45 MP: 3/3
   303 | D        | Reached skill level 9 in Unarmed Combat
   347 | D        | Arena points: 50 (+36) [x3]
   347 | D        | Reached skill level 10 in Unarmed Combat
   347 | D        | Reached XP level 5. HP: 23/53 MP: 4/4
   403 | D        | Round 3.
   404 | D        | Bought 3 scrolls of identify for 150 gold pieces
   417 | D        | Bought a brightly glowing silver ring for 45 gold pieces
   417 | D        | Bought a brightly glowing golden ring for 45 gold pieces
   418 | D        | Identified the ring "Xanaly" {*Drain rElec rN+ MP-9 Dex+9} (You bought it in a shop in the Dungeon)
   420 | D        | Identified the ring of Urchoxte {+Inv Dex+5} (You bought it in a shop in the Dungeon)
   437 | D        | Noticed a rust devil
   441 | D        | Reached skill level 11 in Unarmed Combat
   451 | D        | Killed a rust devil
   451 | D        | Reached *** piety under Okawaru
   451 | D        | Reached skill level 14 in Unarmed Combat
   451 | D        | Reached XP level 6. HP: 37/61 MP: 0/5
   451 | D        | Reached XP level 7. HP: 40/67 MP: 0/6
   502 | D        | Noticed a rust devil
   516 | D        | Killed a rust devil
   516 | D        | Reached **** piety under Okawaru
   516 | D        | Reached skill level 16 in Unarmed Combat
   563 | D        | Arena points: 134 (+84) [x4]
   563 | D        | Reached XP level 8. HP: 54/75 MP: 0/8
   580 | D        | Round 4.
   581 | D        | Noticed Erolcha
   588 | D        | Killed Erolcha
   683 | D        | Bought a brightly glowing ivory amulet for 45 gold pieces
   683 | D        | Identified the amulet of Temptation {rCorr rN+ MP+9} (You bought it in a shop in the Dungeon)
   687 | D        | Reached ***** piety under Okawaru
   690 | D        | Reached XP level 9. HP: 47/81 MP: 4/14
   724 | D        | Reached skill level 17 in Unarmed Combat
   737 | D        | Arena points: 314 (+180) [x5]
   737 | D        | Reached skill level 10 in Invocations
   793 | D        | Round 5.
   796 | D        | Noticed a naga sharpshooter
   801 | D        | Noticed a naga warlord
   802 | D        | Noticed a naga mage
   826 | D        | HP: 3/81 [naga warlord/mace (4)]
   829 | D        | Killed a naga warlord
   829 | D        | Received a gift from Okawaru
   829 | D        | Arena points: 594 (+280) [x7]
   829 | D        | Reached skill level 18 in Unarmed Combat
   830 | D        | Got a bloodstained robe {god gift}
   830 | D        | Got a serpentine rune of Zot
   831 | D        | Reached skill level 5 in Fighting
   831 | D        | Reached skill level 5 in Dodging
   831 | D        | Reached XP level 10. HP: 3/96 MP: 13/16
   858 | D        | Identified the +2 robe of Pride {rF+ Str+2 Int-5 Dex+4} (Okawaru gifted it to you in the Dungeon)
  1018 | D        | Round 6.
  1079 | D        | Reached XP level 11. HP: 80/105 MP: 17/17
  1136 | D        | Reached skill level 19 in Unarmed Combat
  1158 | D        | Arena points: 642 (+48) [x1]
  1173 | D        | Round 7.
  1225 | D        | Bought a smoking hat for 315 gold pieces
  1230 | D        | Identified the cursed +0 hat "Liciahel" {Str+2 SInv} (You bought it in a shop in the Dungeon)
  1272 | D        | Paralysed by a giant eyeball for 4 turns
  1280 | D        | Paralysed by a giant eyeball for 3 turns
  1296 | D        | Arena points: 754 (+112) [x2]
  1345 | D        | Round 8.
  1494 | D        | Arena points: 970 (+216) [x3]
  1541 | D        | Round 9.
  1587 | D        | Reached skill level 20 in Unarmed Combat
  1704 | D        | Arena points: 1366 (+396) [x4]
  1752 | D        | Round 10.
  1775 | D        | HP: 1/113 [dire wolf spider (6)]
  1776 | D        | Succumbed to a dire wolf spider's poison

Vault maps used:
D:        arena_sprint

Action                   |  1- 3 |  4- 6 |  7- 9 | 10-12 || total
-------------------------+-------+-------+-------+-------++-------
Melee: Unarmed           |    21 |    23 |    45 |    88 ||   177
Invok: Heroism           |       |       |     1 |       ||     1
Evoke: Wand              |       |       |     5 |     1 ||     6
  Use: Scroll            |       |     2 |     1 |       ||     3
       Potion            |       |       |     8 |     2 ||    10
 Stab: Distracted        |       |       |     1 |     1 ||     2
  Eat: Chunk             |     2 |     4 |     8 |     5 ||    19
